 Dungeon Crawl Stone Soup version 0.26.1-11-gd32895ea62 (webtiles) character file.

Game seed: 3985936598012445817

63 Zeld the Sneak (level 3, -4/18 HPs)
             Began as a Spriggan Brigand on June 3, 2021.
             Slain by a kobold
             ... wielding a +2 spear of distortion
              (16 damage)
             ... on level 2 of the Dungeon.
             The game lasted 00:02:02 (2483 turns).

Zeld the Sneak (Spriggan Brigand)                   Turns: 2483, Time: 00:02:03

Health: -4/18      AC:  3    Str:  7    XL:     3   Next: 89%
Magic:  4/4        EV: 17    Int: 12    God:
Gold:   87         SH:  0    Dex: 18    Spells: 2/2 levels left

rFire    . . .     SeeInvis +   a - +2 dagger
rCold    . . .     Faith    .   (shield restricted)
rNeg     . . .     Spirit   .   m - +0 robe
rPois    .         Reflect  .   (helmet restricted)
rElec    .         Harm     .   c - +0 cloak
rCorr    .         Rampage  .   (gloves unavailable)
Will     .....                  (boots unavailable)
Stlth    +++.......             (no amulet)
HPRegen  0.06/turn              (no ring)
MPRegen  0.09/turn              (no ring)

@: very quick
A: very small, unfitting armour, see invisible, speed 3
a: no special abilities


You were on level 2 of the Dungeon.
You visited 1 branch of the dungeon, and saw 2 of its levels.

You collected 87 gold pieces.

Inventory:

Hand Weapons
 a - a +2 dagger (weapon)
 b - a +2 dagger of pain
Missiles
 d - 31 poisoned darts (quivered)
 e - 2 curare-tipped darts
Armour
 c - a +0 cloak (worn)
 m - a +0 robe (worn)
Jewellery
 k - an uncursed ring of protection from cold {unknown}
Scrolls
 f - a scroll of fog {unknown}
 i - a scroll of identify {unknown}
Potions
 g - 2 potions of heal wounds {unknown}
 h - a potion of lignification {unknown}
 j - a potion of degeneration {unknown}
 l - a potion of mutation {unknown}


   Skills:
 - Level 1.5 Fighting
 * Level 3.6 Short Blades
 * Level 3.3 Throwing
 - Level 1.5 Dodging
 - Level 5.8 Stealth


You had 2 spell levels left.
You didn't know any spells.
Your spell library was empty.

Dungeon Overview and Level Annotations

Branches:
Dungeon (2/15)

Altars:


Innate Abilities, Weirdness & Mutations

You are very small and have problems with some larger weapons.
You are too small for most types of armour.
You have supernaturally acute eyesight. (SInv)
You cover ground extremely quickly.


Message History

The dart slug is almost dead.
The dart slug launches a dart at you. The slug dart misses you.
You hit the dart slug.
You kill the dart slug!
No target in view!
You now have 87 gold pieces (gained 9).
A kobold is nearby!
A kobold is nearby!
A kobold is nearby!
The kobold shouts!
The kobold hits you with a +2 spear of distortion.
You blink.
A kobold is nearby!
A kobold is nearby!
A kobold is nearby!
The kobold hits you from afar with a +2 spear of distortion.
Space warps horribly around you!
Ouch! That really hurt!
You die...

#..# .......).##.........
#..# #######(.##########.
#..# ###............# #..#
#....##########.
#..##########...<### #.
#..................# #.
#...######.........#### ##
#...######............. ..#
#........#.@.......##.# #.#
#.#w####.#.##...#.###.# #.#
#K#.# #K##...#.# #.# #.#
#.#.# #........#.# #.# #.#
#.#.# ###.###..#.###.####.#
#.#.# #.# #..............
#.#.######.###.##.##........
#.K.†.....................†#
###............##..........#


You could see a kobold.

Vanquished Creatures
  A gnoll (D:1)
  An adder (D:2)
  2 dart slugs (D:2)
  2 leopard geckos
  2 giant cockroaches
  5 goblins
  4 hobgoblins (D:1)
  A quokka (D:2)
  2 ball pythons (D:1)
  5 bats
  2 frilled lizards
  9 kobolds
  A rat (D:2)
37 creatures vanquished.

Notes
Turn   | Place    | Note
-------+----------+-------------------------------------------
     0 | D:1      | Zeld the Spriggan Brigand began the quest for the Orb.
     0 | D:1      | Reached XP level 1. HP: 10/10 MP: 2/2
   804 | D:1      | Reached XP level 2. HP: 7/14 MP: 3/3
  1553 | D:1      | Reached XP level 3. HP: 18/18 MP: 4/4
  2483 | D:2      | Slain by a kobold

Illustrated notes

Levels and vault maps discovered:
D:1:      matt_arrival_spirals, layout_loops_ring
D:2:      layout_loops_ring, st_stairs_11

Skill      XL: |  1  2  3 |
---------------+----------+-----
Short Blades   | 3 |  3.6
Throwing       | 3 |  3.3
Fighting       | |  1.5
Dodging        | |  1.5
Stealth        | |  5.8

Action                   || total
-------------------------++-------
Melee: Dagger            ||   142
 Stab: Sleeping          ||    12
Armor: Robe              ||    15
Dodge: Dodged            ||   106
